General information
- name: BNet
- type: Ladder team game (AT/RT)
- host: Battle.net
- saver: LameChump23
map: Cherryville
- players: 8
- length: 35:12
- speed: Fast
- version: 1.26 W3XP
- replay type: Public
» download(259 KB)
Players
team 1 (winner)
x_TRiPPiNiNjA_x (
orange | 82 APM | 2899 actions | 35:10)
7 Demon Hunter
3 Mana Burn
3 Evasion
1 Metamorphosis
2 Priestess of the Moon
1 Trueshot Aura
1 Searing Arrows
» actions
| Assign group hotkey | 37 | |
| Basic commands | 1 | |
| Build / train | 91 | |
| Enter build submenu | 19 | |
| Enter hero's abilities submenu | 9 | |
| Remove unit from queue | 5 | |
| Right click | 1799 | |
| Select / deselect | 368 | |
| Select group hotkey | 478 | |
| Use ability | 92 | |
2899 total
» units
| Wisp | 26 | |
| Archer | 8 | |
| Huntress | 1 | |
| Druid of the Claw | 4 | |
| Dryad | 10 | |
49 total
» upgrades
| Druid of the Claw Training | 2 | |
| Mark of the Claw | 1 | |
| Abolish Magic | 2 | |
| Strength of the Wild | 1 | |
6 total
» buildings
| Altar of Elders | 1 | |
| Moon Well | 7 | |
| Ancient of War | 1 | |
| Tree of Ages | 1 | |
| Hunter's Hall | 1 | |
| Ancient of Lore | 2 | |
| Tree of Eternity | 1 | |
| Tree of Life | 2 | |
| Ancient Protector | 2 | |
| Ancient of Wonders | 1 | |
19 total
» build order
00:06 Altar of Elders
00:19 Moon Well
00:54 Ancient of War
01:37 Moon Well
02:26 Moon Well
03:38 Tree of Ages
04:55 Hunter's Hall
06:15 Ancient of Lore
06:19 Ancient of Lore
06:25 Moon Well
07:03 Tree of Eternity
10:11 Tree of Life
10:14 Ancient Protector
10:54 Ancient Protector
11:50 Moon Well
13:09 Ancient of Wonders
20:48 Moon Well
20:50 Moon Well
23:16 Tree of Life
» items
| Scroll of Town Portal | 5 | |
| Potion of Healing | 2 | |
| Orb of Venom | 1 | |
8 total
LameChump23 (
purple | 63 APM | 2214 actions | 35:12)
8 Archmage
3 Summon Water Elemental
3 Brilliance Aura
1 Mass Teleport
1 Blizzard
» actions
| Assign group hotkey | 58 | |
| Basic commands | 239 | |
| Build / train | 93 | |
| Enter build submenu | 49 | |
| Enter hero's abilities submenu | 8 | |
| Give item / drop item | 4 | |
| Remove unit from queue | 2 | |
| Right click | 736 | |
| Select / deselect | 426 | |
| Select group hotkey | 466 | |
| Use ability | 133 | |
2214 total
» units
| Peasant | 19 | |
| Footman | 4 | |
| Goblin Shredder | 1 | |
| Gryphon Rider | 9 | |
| Dragonhawk Rider | 2 | |
| Goblin Sapper | 5 | |
40 total
» upgrades
| Masonry | 3 | |
| Swords | 3 | |
| Armor | 4 | |
| Animal War Training | 1 | |
| Storm Hammers | 1 | |
| Long Rifles | 0 | |
| Cloud | 1 | |
13 total
» buildings
| Altar of Kings | 1 | |
| Barracks | 1 | |
| Farm | 13 | |
| Keep | 1 | |
| Town Hall | 1 | |
| Lumber Mill | 1 | |
| Arcane Vault | 1 | |
| Scout Tower | 27 | |
| Guard Tower | 9 | |
| Castle | 1 | |
| Gryphon Aviary | 4 | |
| Blacksmith | 2 | |
62 total
» build order
00:47 Altar of Kings
00:48 Barracks
00:57 Farm
00:59 Farm
01:11 Farm
01:43 Farm
03:48 Keep
03:52 Town Hall
04:05 Lumber Mill
04:30 Arcane Vault
04:49 Scout Tower
04:51 Scout Tower
04:55 Scout Tower
04:58 Scout Tower
05:28 Guard Tower
06:55 Farm
07:30 Scout Tower
07:31 Scout Tower
07:32 Scout Tower
07:34 Scout Tower
07:38 Scout Tower
08:15 Guard Tower
08:19 Castle
08:23 Scout Tower
08:24 Scout Tower
08:25 Scout Tower
08:26 Scout Tower
09:57 Gryphon Aviary
09:58 Gryphon Aviary
10:04 Gryphon Aviary
10:05 Gryphon Aviary
10:09 Blacksmith
10:11 Blacksmith
11:08 Scout Tower
11:12 Scout Tower
11:13 Scout Tower
11:16 Scout Tower
11:17 Scout Tower
11:20 Scout Tower
11:52 Guard Tower
12:43 Guard Tower
14:33 Guard Tower
16:50 Guard Tower
16:51 Scout Tower
16:51 Scout Tower
16:53 Scout Tower
16:54 Scout Tower
17:46 Farm
17:46 Farm
17:47 Farm
17:48 Farm
17:49 Farm
17:49 Farm
18:09 Guard Tower
18:11 Scout Tower
18:13 Scout Tower
18:16 Scout Tower
18:19 Scout Tower
19:20 Guard Tower
19:39 Guard Tower
» items
| Scroll of Regeneration | 5 | |
| Staff of Teleportation | 1 | |
| Boots of Speed | 1 | |
| Periapt of Vitality | 1 | |
| Healing Salve | 1 | |
| Lesser Clarity Potion | 1 | |
| Scroll of Town Portal | 3 | |
| Staff of Sanctuary | 1 | |
| Potion of Healing | 1 | |
| Mechanical Critter | 2 | |
17 total
JAKE-BOLTON. (
blue | 33 APM | 1148 actions | 35:10)
2 Blademaster
1 Wind Walk
1 Critical Strike
» actions
| Assign group hotkey | 14 | |
| Basic commands | 1 | |
| Build / train | 53 | |
| Enter build submenu | 14 | |
| Enter hero's abilities submenu | 2 | |
| Give item / drop item | 1 | |
| Remove unit from queue | 1 | |
| Right click | 476 | |
| Select / deselect | 109 | |
| Select group hotkey | 413 | |
| Use ability | 64 | |
1148 total
» units
» upgrades
| Ranged Weapons | 3 | |
| Reinforced Defenses | 1 | |
| Liquid Fire | 1 | |
| Armor | 2 | |
7 total
» buildings
| Altar of Storms | 1 | |
| Orc Burrow | 4 | |
| War Mill | 1 | |
| Voodoo Lounge | 1 | |
| Watch Tower | 9 | |
| Stronghold | 2 | |
| Fortress | 2 | |
| Beastiary | 2 | |
22 total
» build order
00:07 Altar of Storms
00:21 Orc Burrow
00:41 War Mill
01:18 Voodoo Lounge
01:55 Watch Tower
02:08 Watch Tower
03:17 Stronghold
03:17 Stronghold
03:23 Watch Tower
03:25 Watch Tower
05:02 Watch Tower
05:03 Watch Tower
05:04 Watch Tower
05:47 Orc Burrow
05:51 Orc Burrow
05:55 Fortress
06:20 Beastiary
06:23 Beastiary
10:03 Orc Burrow
11:30 Watch Tower
11:32 Watch Tower
» items
| Healing Salve | 1 | |
| Lesser Clarity Potion | 5 | |
| Staff of Teleportation | 1 | |
| Dust of Appearance | 1 | |
| Orb of Lightning | 1 | |
| Scroll of Town Portal | 2 | |
11 total
theonlysh13fan (
teal | 61 APM | 1789 actions | 29:29)
5 Blademaster
3 Wind Walk
2 Critical Strike
5 Tauren Chieftain
3 Endurance Aura
2 Shockwave
» actions
| Assign group hotkey | 27 | |
| Basic commands | 8 | |
| Build / train | 79 | |
| ESC pressed | 1 | |
| Enter build submenu | 15 | |
| Enter hero's abilities submenu | 10 | |
| Give item / drop item | 5 | |
| Remove unit from queue | 1 | |
| Right click | 1023 | |
| Select / deselect | 392 | |
| Select group hotkey | 125 | |
| Use ability | 103 | |
1789 total
» units
| Peon | 11 | |
| Grunt | 8 | |
| Shaman | 5 | |
| Tauren | 4 | |
28 total
» upgrades
| Berserker Strength | 1 | |
| Armor | 3 | |
| Shaman Training | 2 | |
| Melee Weapons | 3 | |
| Pulverize | 1 | |
| Reinforced Defenses | 1 | |
11 total
» buildings
| Altar of Storms | 1 | |
| Orc Burrow | 8 | |
| Barracks | 1 | |
| Voodoo Lounge | 1 | |
| Stronghold | 3 | |
| War Mill | 1 | |
| Spirit Lodge | 1 | |
| Fortress | 2 | |
| Tauren Totem | 2 | |
20 total
» build order
00:07 Altar of Storms
00:14 Orc Burrow
00:31 Barracks
01:58 Orc Burrow
02:16 Voodoo Lounge
02:59 Orc Burrow
03:41 Stronghold
03:41 Stronghold
05:10 War Mill
07:41 Spirit Lodge
08:59 Orc Burrow
10:00 Orc Burrow
10:01 Fortress
12:28 Tauren Totem
12:28 Tauren Totem
13:21 Orc Burrow
18:39 Orc Burrow
18:41 Orc Burrow
» items
| Healing Salve | 6 | |
| Lesser Clarity Potion | 7 | |
| Scroll of Speed | 1 | |
| Boots of Speed | 1 | |
| Scroll of Town Portal | 3 | |
| Orb of Lightning | 1 | |
| Scroll of Healing | 1 | |
20 total
team 2 (loser)

»
m0xxa (
green | 138 APM | 3020 actions | 21:49)
5 Death Knight
3 Death Coil
2 Unholy Aura
4 Lich
2 Frost Nova
2 Dark Ritual
1 Crypt Lord
1 Impale
» actions
| Assign group hotkey | 123 | |
| Basic commands | 25 | |
| Build / train | 84 | |
| ESC pressed | 1 | |
| Enter build submenu | 22 | |
| Enter hero's abilities submenu | 10 | |
| Give item / drop item | 2 | |
| Right click | 1123 | |
| Select / deselect | 346 | |
| Select group hotkey | 1195 | |
| Use ability | 89 | |
3020 total
» units
| Acolyte | 11 | |
| Ghoul | 4 | |
| Crypt Fiend | 9 | |
| Frost Wyrm | 6 | |
| Obsidian Statue | 1 | |
31 total
» upgrades
| Web | 1 | |
| Creature Attack | 3 | |
| Creature Carapace | 3 | |
| Freezing Breath | 1 | |
| Destroyer Form | 1 | |
9 total
» buildings
| Graveyard | 1 | |
| Crypt | 1 | |
| Ziggurat | 7 | |
| Altar of Darkness | 1 | |
| Tomb of Relics | 1 | |
| Nerubian Tower | 2 | |
| Halls of the Dead | 1 | |
| Necropolis | 1 | |
| Black Citadel | 2 | |
| Sacrificial Pit | 1 | |
| Boneyard | 2 | |
| Slaughterhouse | 1 | |
| Spirit Tower | 4 | |
25 total
» build order
00:27 Graveyard
00:45 Crypt
01:08 Ziggurat
01:16 Altar of Darkness
01:21 Ziggurat
02:24 Tomb of Relics
03:23 Ziggurat
04:34 Nerubian Tower
04:34 Nerubian Tower
05:31 Halls of the Dead
06:29 Necropolis
07:56 Black Citadel
08:02 Ziggurat
08:08 Ziggurat
08:10 Ziggurat
09:58 Sacrificial Pit
11:29 Boneyard
11:30 Boneyard
12:02 Slaughterhouse
13:07 Spirit Tower
13:08 Spirit Tower
15:09 Ziggurat
17:25 Spirit Tower
17:26 Spirit Tower
» items
| Rod of Necromancy | 2 | |
| Scroll of Town Portal | 4 | |
| Potion of Lesser Invulnerability | 1 | |
| Orb of Corruption | 1 | |
| Potion of Mana | 2 | |
| Potion of Healing | 1 | |
| Scroll of Healing | 1 | |
12 total
TimeManagement (
pink | 116 APM | 2530 actions | 21:52)
3 Priestess of the Moon
2 Trueshot Aura
1 Scout
» actions
| Assign group hotkey | 70 | |
| Basic commands | 48 | |
| Build / train | 42 | |
| ESC pressed | 1 | |
| Enter build submenu | 13 | |
| Enter hero's abilities submenu | 3 | |
| Give item / drop item | 1 | |
| Right click | 1126 | |
| Select / deselect | 280 | |
| Select group hotkey | 867 | |
| Use ability | 79 | |
2530 total
» units
| Wisp | 12 | |
| Huntress | 20 | |
| Goblin Sapper | 1 | |
| Goblin Zeppelin | 1 | |
34 total
» upgrades
» buildings
| Altar of Elders | 1 | |
| Moon Well | 4 | |
| Ancient of War | 3 | |
| Hunter's Hall | 1 | |
| Tree of Ages | 1 | |
| Ancient of Wonders | 2 | |
| Tree of Life | 1 | |
13 total
» build order
00:05 Altar of Elders
00:18 Moon Well
01:51 Ancient of War
01:58 Hunter's Hall
02:05 Moon Well
02:20 Ancient of War
02:22 Ancient of War
03:16 Moon Well
06:28 Tree of Ages
07:33 Moon Well
07:36 Ancient of Wonders
08:26 Ancient of Wonders
13:36 Tree of Life
fleNdIsHoNe (
red | 110 APM | 3869 actions | 35:10)
6 Death Knight
3 Death Coil
3 Unholy Aura
3 Lich
2 Frost Nova
1 Frost Armor
» actions
| Assign group hotkey | 71 | |
| Basic commands | 80 | |
| Build / train | 203 | |
| Enter build submenu | 30 | |
| Enter hero's abilities submenu | 9 | |
| Give item / drop item | 8 | |
| Right click | 1455 | |
| Select / deselect | 599 | |
| Select group hotkey | 1230 | |
| Use ability | 184 | |
3869 total
» units
| Acolyte | 8 | |
| Ghoul | 2 | |
| Crypt Fiend | 17 | |
| Goblin Shredder | 3 | |
| Abomination | 6 | |
| Necromancer | 14 | |
| Meatwagon | 6 | |
56 total
» upgrades
| Creature Attack | 3 | |
| Creature Carapace | 3 | |
| Web | 1 | |
| Burrow | 1 | |
| Disease Cloud | 1 | |
| Necromancer Training | 2 | |
| Unholy Armor | 3 | |
| Exhume Corpses | 1 | |
| Skeletal Longevity | 1 | |
| Unholy Strength | 3 | |
| Skeletal Mastery | 1 | |
| Ghoul Frenzy | 1 | |
| Cannibalize | 1 | |
| Destroyer Form | 1 | |
| Banshee Training | 2 | |
| Backpack | 1 | |
26 total
» buildings
| Graveyard | 1 | |
| Crypt | 2 | |
| Altar of Darkness | 1 | |
| Ziggurat | 15 | |
| Tomb of Relics | 1 | |
| Nerubian Tower | 22 | |
| Spirit Tower | 34 | |
| Halls of the Dead | 4 | |
| Necropolis | 1 | |
| Black Citadel | 4 | |
| Slaughterhouse | 1 | |
| Temple of the Damned | 1 | |
| Moon Well | 2 | |
89 total
» build order
00:20 Graveyard
00:22 Crypt
00:27 Altar of Darkness
00:54 Ziggurat
01:14 Tomb of Relics
01:35 Ziggurat
04:51 Ziggurat
04:53 Ziggurat
04:56 Ziggurat
05:58 Nerubian Tower
05:58 Nerubian Tower
05:58 Nerubian Tower
06:01 Spirit Tower
06:02 Spirit Tower
06:02 Spirit Tower
06:25 Spirit Tower
06:25 Spirit Tower
06:25 Spirit Tower
06:58 Halls of the Dead
07:05 Nerubian Tower
07:05 Nerubian Tower
07:24 Necropolis
10:07 Ziggurat
10:08 Black Citadel
10:09 Black Citadel
10:19 Slaughterhouse
10:29 Temple of the Damned
10:37 Ziggurat
10:40 Ziggurat
12:02 Spirit Tower
12:02 Spirit Tower
12:03 Spirit Tower
12:03 Spirit Tower
12:03 Spirit Tower
12:10 Nerubian Tower
12:11 Nerubian Tower
12:11 Spirit Tower
12:11 Spirit Tower
12:12 Spirit Tower
12:52 Ziggurat
12:56 Ziggurat
15:31 Nerubian Tower
15:32 Nerubian Tower
15:32 Nerubian Tower
15:59 Ziggurat
16:01 Ziggurat
18:02 Spirit Tower
18:02 Spirit Tower
18:37 Spirit Tower
18:37 Spirit Tower
18:44 Halls of the Dead
18:44 Halls of the Dead
18:58 Crypt
19:00 Nerubian Tower
19:00 Nerubian Tower
25:52 Ziggurat
25:54 Ziggurat
25:55 Ziggurat
26:46 Nerubian Tower
26:46 Nerubian Tower
26:47 Nerubian Tower
26:47 Spirit Tower
26:47 Spirit Tower
26:47 Spirit Tower
33:31 Spirit Tower
33:31 Spirit Tower
34:40 Moon Well
34:42 Moon Well
» items
| Rod of Necromancy | 8 | |
| Sacrificial Skull | 1 | |
| Periapt of Vitality | 1 | |
| Boots of Speed | 1 | |
| Scroll of Town Portal | 4 | |
| Orb of Corruption | 1 | |
16 total
dagolem (
yellow | 38 APM | 866 actions | 22:41)
4 Archmage
2 Summon Water Elemental
1 Brilliance Aura
1 Blizzard
» actions
| Basic commands | 1 | |
| Build / train | 99 | |
| Enter build submenu | 24 | |
| Enter hero's abilities submenu | 4 | |
| Give item / drop item | 1 | |
| Right click | 420 | |
| Select / deselect | 241 | |
| Use ability | 76 | |
866 total
» units
| Peasant | 19 | |
| Footman | 6 | |
| Rifleman | 4 | |
| Priest | 9 | |
| Sorceress | 3 | |
| Mortar Team | 2 | |
| Siege Engine | 3 | |
46 total
» upgrades
| Swords | 1 | |
| Plating | 2 | |
| Long Rifles | 1 | |
| Priest Training | 1 | |
| Sorceress Training | 1 | |
| Gunpowder | 2 | |
| Barrage | 1 | |
9 total
» buildings
| Altar of Kings | 1 | |
| Farm | 13 | |
| Barracks | 1 | |
| Lumber Mill | 1 | |
| Keep | 4 | |
| Scout Tower | 9 | |
| Arcane Tower | 3 | |
| Blacksmith | 1 | |
| Town Hall | 2 | |
| Guard Tower | 5 | |
| Arcane Sanctum | 2 | |
| Workshop | 1 | |
| Castle | 5 | |
| Arcane Vault | 2 | |
50 total
» build order
00:20 Altar of Kings
00:35 Farm
00:51 Barracks
00:57 Farm
01:34 Farm
01:40 Farm
01:45 Lumber Mill
04:20 Keep
04:20 Keep
04:20 Keep
04:28 Scout Tower
04:58 Arcane Tower
04:59 Arcane Tower
04:59 Arcane Tower
05:00 Blacksmith
06:17 Town Hall
06:19 Scout Tower
06:20 Scout Tower
06:21 Scout Tower
06:22 Scout Tower
06:25 Scout Tower
06:55 Guard Tower
06:55 Guard Tower
06:59 Scout Tower
07:39 Arcane Sanctum
07:43 Workshop
07:55 Guard Tower
08:01 Arcane Sanctum
10:11 Castle
10:11 Castle
10:11 Castle
10:40 Farm
10:41 Farm
10:45 Farm
10:46 Farm
10:47 Farm
10:47 Farm
10:54 Farm
10:54 Farm
10:55 Farm
13:50 Scout Tower
13:51 Scout Tower
13:53 Guard Tower
13:53 Guard Tower
14:14 Arcane Vault
18:05 Town Hall
18:37 Arcane Vault
21:31 Keep
» items
| Boots of Speed | 1 | |
| Potion of Lesser Invulnerability | 5 | |
| Scroll of Town Portal | 13 | |
19 total
Chat log
(00:13 / All) m0xxa: ninja rock says you suck
(00:21 / All) m0xxa: 3 level 1's let the backstabbing begin
(00:31 / All) m0xxa: gl hf
(00:48 / All) x_TRiPPiNiNjA_x: doctor rock?
(00:51 / Allies) theonlysh13fan: whats the plan here bois
(01:01 / All) m0xxa: yeah
(01:23 / All) x_TRiPPiNiNjA_x: weird
(01:31 / All) m0xxa: gl hf
(01:37 / All) m0xxa: i don't think u suck btw
(01:44 / All) JAKE-BOLTON.: m0xxa maphack?
(01:44 / All) m0xxa: you getting backstabbed by a level 1 yet?
(01:49 / All) m0xxa: i stream
(01:55 / All) m0xxa: twitch.tv/iamcpc
(01:57 / All) m0xxa: see me not hack
(02:00 / All) m0xxa: i have proof
(02:01 / All) fleNdIsHoNe: you streaming this game?
(02:04 / All) fleNdIsHoNe: how many viewers you got?
(02:08 / All) m0xxa: i dunno 4
(02:14 / All) LameChump23: just his mama and auntie
(02:19 / All) m0xxa: i only stream to prove that i don't hack
(02:39 / All) fleNdIsHoNe: you must care a lot about your reputation
(02:59 / All) m0xxa: i care a lot about being backstabbed cuz it ruins the game
(03:13 / All) m0xxa: so if streaming = 1 less backstabber against me then i'll do it
(05:12 / Allies) LameChump23: help lawl
(05:46 / Allies) LameChump23: lumber
(06:30 / All) LameChump23: holy shit oyu are annoying
(06:32 / All) JAKE-BOLTON.: so pink just avoids me and goes straight for expo
(06:48 / All) LameChump23: he's bottom too
(07:02 / All) LameChump23: covert hacker I think
(07:08 / All) LameChump23: sent wispss like he';s legit
(07:11 / All) JAKE-BOLTON.: pretty obvious pink is a hacker green
(07:15 / All) JAKE-BOLTON.: y dont u tk ur hacker ally
(07:17 / All) TimeManagement: nope not really
(07:40 / All) JAKE-BOLTON.: u dont go cross map with hunts and get the most undefended player by chance
(07:48 / All) TimeManagement: i scouted
(07:52 / All) LameChump23: yeah lol
(07:54 / All) LameChump23: he scouted
(08:00 / All) LameChump23: covert hacvkers don't do that
(08:01 / All) JAKE-BOLTON.: with ur mh?
(08:49 / Allies) theonlysh13fan: tp?
(09:21 / 5) fleNdIsHoNe: Lets tk jake this game on top of the streamer
(09:47 / All) LameChump23: LOL
(09:49 / All) LameChump23: nice one pink
(09:58 / All) JAKE-BOLTON.: i truly think ur hacking
(10:13 / All) m0xxa: blue you're just going to backstab anyway
(10:24 / All) JAKE-BOLTON.: if u had any class u would leave
(10:35 / All) JAKE-BOLTON.: game is ruined by ur logic
(10:37 / All) TimeManagement: im massing hunts
(10:43 / All) JAKE-BOLTON.: pink already show he is an obvious hacker
(10:45 / All) TimeManagement: how much class do i have
(11:13 / All) JAKE-BOLTON.: in 4v4rt players dont harass with hunts w/o a hero; only hackers do
(11:24 / Allies) x_TRiPPiNiNjA_x: teal
(11:24 / All) TimeManagement: been a hacker since forever then
(11:37 / Allies) theonlysh13fan: yeah im coing
(12:05 / Allies) x_TRiPPiNiNjA_x: got dust/
(12:07 / Allies) x_TRiPPiNiNjA_x: ?
(12:42 / 5) fleNdIsHoNe: ty
(12:46 / 5) fleNdIsHoNe: wrong chat
(13:35 / All) JAKE-BOLTON.: very convenient u 2 ARE RIGHT THERE
(13:46 / All) m0xxa: they just attacked bottom
(13:48 / All) m0xxa: dumbass
(13:58 / All) JAKE-BOLTON.: ur ally has already proved hes a hacker
(14:00 / All) JAKE-BOLTON.: u have no class
(14:01 / All) TimeManagement: he trollin
(14:41 / All) fleNdIsHoNe: shit forgot tp lol
(15:04 / Allies) LameChump23: yellow has soft base
(15:25 / Allies) theonlysh13fan: i have no tp
(15:28 / 5) fleNdIsHoNe: inc
(15:45 / All) x_TRiPPiNiNjA_x: no1?
(16:08 / All) JAKE-BOLTON.: try hard pink using wisps
(16:29 / Allies) theonlysh13fan: i have tp but i cant kill air
(16:48 / All) TimeManagement: well... i ilke to try and play good games
(16:50 / All) TimeManagement: gg me ><
(16:56 / All) TimeManagement: gg
(17:33 / Allies) LameChump23: lumber
(19:03 / Allies) LameChump23: bring bats
(19:34 / All) LameChump23: you in deep shit now boi
(19:40 / All) m0xxa: that's game
(19:43 / Allies) theonlysh13fan: coming
(21:58 / All) x_TRiPPiNiNjA_x: gg
(22:05 / All) dagolem: one of the stupids games
(22:06 / All) dagolem: ever
(22:18 / All) LameChump23: mess with the best die like the rest
(22:19 / All) dagolem: they just keep getting more bs mass asir hack
(22:28 / All) dagolem: ya your not good
(22:30 / All) dagolem: your not hard
(22:32 / All) LameChump23: whine mher
(22:32 / All) LameChump23: lol
(22:38 / All) dagolem: u fucking fight buildings and peon
(22:39 / All) LameChump23: you lost with mher ally lo
(22:49 / All) LameChump23: lol
(22:55 / All) LameChump23: GET THERE THE FASTEST WITH THE MOSTEST
(23:00 / 5) fleNdIsHoNe: want to tk jake?
(23:10 / 5) fleNdIsHoNe: let's rape him
(23:18 / All) LameChump23: I Nathan Forrest'd him
(23:20 / All) LameChump23: and he whined about it
(23:44 / All) theonlysh13fan: leave pls
(23:51 / All) fleNdIsHoNe: why, I won
(24:29 / Allies) theonlysh13fan: wait what is going on
(24:32 / Allies) theonlysh13fan: why cant we just win
(24:41 / Allies) x_TRiPPiNiNjA_x: this guy
(24:48 / Allies) theonlysh13fan: hes gonna tp out
(25:29 / All) fleNdIsHoNe: damn my undead army looked way stronger than it was
(26:21 / Allies) theonlysh13fan: pls
(26:24 / Allies) theonlysh13fan: please
(26:35 / Allies) theonlysh13fan: we are going to win
(26:38 / All) x_TRiPPiNiNjA_x: be a good sport and leave
(26:55 / All) fleNdIsHoNe: why
(26:56 / All) fleNdIsHoNe: I win
(27:23 / Allies) theonlysh13fan: what the fuck
(27:27 / Allies) theonlysh13fan: why are you doing this
(27:52 / All) fleNdIsHoNe: gg
(27:58 / All) fleNdIsHoNe: be a good sport and leave
(28:11 / Allies) theonlysh13fan: what did we do
(28:15 / Allies) theonlysh13fan: i dont understand
(28:16 / Allies) LameChump23: nothing personal
(28:18 / Allies) LameChump23: just business
(28:25 / Allies) LameChump23: you were great allies
(28:29 / Allies) LameChump23: you did a great job let me tell you
(28:37 / Allies) LameChump23: red is my business associate
(28:44 / All) fleNdIsHoNe: gg
(28:50 / Allies) theonlysh13fan: do you really have nothing better to do
(28:54 / Allies) theonlysh13fan: than ruin wc3 games
(28:59 / Allies) LameChump23: Nope
(29:21 / All) theonlysh13fan: i cant say ive ever had this happen before
(29:27 / All) theonlysh13fan: fuck you both
(29:29 / All) fleNdIsHoNe: gg man!
(32:15 / All) LameChump23: in the future people iwll only develop "apps" for smartphones
(32:21 / All) LameChump23: how does this make you feel
(32:29 / All) LameChump23: linux will inherit the desktop
(32:52 / All) fleNdIsHoNe: it's a good time to be a developer, programmer or hacker
(33:08 / All) fleNdIsHoNe: I might pick up some programming
(33:12 / All) fleNdIsHoNe: since I already know some basics
(33:21 / All) fleNdIsHoNe: Lots of idiot millenials to exploit
(34:46 / All) LameChump23: No need to drag this out, orange was a good teammate
(35:00 / All) fleNdIsHoNe: Hacker down
(35:02 / All) LameChump23: gg
(35:06 / All) LameChump23: pink was the hacker